 Dungeon Crawl Stone Soup version 0.27.0-1-g7a089689b8 (webtiles) character file.

Game seed: 16849618987667067507

43 horus123 the Vexing (level 3, -1/20 HPs)
             Began as a Deep Elf Arcane Marksman on Aug 1, 2021.
             Slain by an adder (3 damage)
             ... on level 3 of the Dungeon.
             The game lasted 00:06:49 (2834 turns).

horus123 the Vexing (Deep Elf Arcane Marksman)      Turns: 2834, Time: 00:06:50

Health: -1/20      AC:  2    Str:  7    XL:     3   Next: 37%
Magic:  7/7        EV:  9    Int: 17    God:
Gold:   111        SH:  0    Dex: 16    Spells: 2/5 levels left

rFire    . . .     SeeInvis .   a - +0 shortbow
rCold    . . .     Faith    .   (shield currently unavailable)
rNeg     . . .     Spirit   .   d - +0 robe
rPois    .         Reflect  .   (no helmet)
rElec    .         Harm     .   (no cloak)
rCorr    .         Rampage  .   (no gloves)
Will     .....                  (no boots)
Stlth    ++........             (no amulet)
HPRegen  0.06/turn              (no ring)
MPRegen  0.10/turn              (no ring)

@: lethally poisoned (-1 -> -6), constricted
A: no striking features
a: no special abilities


You were on level 3 of the Dungeon.
You visited 1 branch of the dungeon, and saw 3 of its levels.

You collected 111 gold pieces.

Inventory:

Hand Weapons
 a - a +0 shortbow (weapon)
Missiles
 c - 10 arrows (quivered ammo)
Armour
 d - a +0 robe (worn)
Scrolls
 f - a scroll of amnesia
 g - a scroll of vulnerability
 h - a scroll of holy word
Potions
 b - a potion of might {unknown}
 e - a potion of magic {unknown}
 i - a potion of brilliance {unknown}


   Skills:
 + Level 0.9 Fighting
 + Level 3.7 Bows
 + Level 2.5 Dodging
 + Level 0.2 Stealth
 + Level 1.8 Spellcasting
 + Level 5.0 Hexes


You had 2 spell levels left.
You knew the following spells:

 Your Spells              Type           Power      Damage    Failure   Level
a - Corona                Hex            20%        N/A       2%          1
b - Slow                  Hex            18%        N/A       3%          2

Your spell library contained the following spells:

 Spells                   Type           Power      Damage    Failure   Level
 Inner Flame              Hex/Fire       10%        N/A       22%         3
 Portal Projectile        Hex/Tloc       20%        N/A       22%         3
 Cause Fear               Hex            9%         N/A       26%         4
 Malign Gateway           Summ/Tloc      0%         N/A       100%        7
 Summon Horrible Things   Summ           0%         N/A       100%        8


Dungeon Overview and Level Annotations

Branches:
Dungeon (3/15)

Altars:


Message History

You climb downwards.
A bat, a ball python and an adder come into view.
The ball python hisses angrily.
The bat closely misses you.
Found 15 gold pieces and a scroll of identify.
Found a stone staircase leading up.
There is a stone staircase leading up here.
You shoot an arrow. The arrow barely misses the bat.
The adder hisses angrily.
The bat hits you.
You shoot an arrow. The arrow misses the adder.
The bat closely misses you. The adder bites you.
You are poisoned.
The adder poisons you!
You shoot an arrow. The arrow hits the adder.
The adder is lightly wounded.
You feel sick. The bat barely misses you. The adder misses you.
You shoot an arrow. The arrow closely misses the adder.
You feel sick. The bat hits you. The ball python bites you.
The ball python barely misses you. The adder closely misses you.
The ball python barely misses you. The ball python grabs you.
The ball python constricts you.
You are too injured to fight recklessly!
You are too injured to fight recklessly!
You are too injured to fight recklessly!
You are too injured to fight recklessly!
You are too injured to fight recklessly!
Fire: 11 arrows
Press: ? - help, Q - select action, (/) - cycle Shift-Dir - straight line, f/p - adder
Aim: an adder (lightly wounded, 42% to hit)
You shoot an arrow.
The arrow hits the adder but does no damage.
The adder is lightly wounded.
You feel sick. The bat barely misses you. The adder bites you.
* * * LOW HITPOINT WARNING * * *
You are lethally poisoned!
The adder poisons you! The bat hits you but does no damage.
The ball python bites you.
* * * LOW HITPOINT WARNING * * *
x2 The ball python constricts you.
The adder bites you.
You die...

.#.?...........
...............
#.$...........
#.............
.#.............
...............
#.....S.......
#....b@.......
.......S.......
.#.............
..........<....
...............
....$..........
...............
.......(.......


You could see an adder, a bat and a ball python.

Vanquished Creatures
  An adder (D:2)
  2 dart slugs (D:1)
  3 ball pythons
  5 endoplasms
  A goblin (D:1)
  3 hobgoblins
  5 bats
  3 frilled lizards
  A kobold (D:1)
  5 rats
29 creatures vanquished.

Notes
Turn   | Place    | Note
-------+----------+-------------------------------------------
     0 | D:1      | horus123 the Deep Elf Arcane Marksman began the quest for
                  | the Orb.
     0 | D:1      | Reached XP level 1. HP: 11/11 MP: 5/5
    54 | D:1      | Found a faded altar of an unknown god.
   382 | D:1      | Reached XP level 2. HP: 16/16 MP: 4/6
   396 | D:1      | Learned a level 2 spell: Slow
  1657 | D:2      | Reached skill level 5 in Hexes
  1667 | D:2      | Reached XP level 3. HP: 5/20 MP: 3/7
  2834 | D:3      | Slain by an adder

Illustrated notes

Levels and vault maps discovered:
D:1:      enne_arrival_octagon_isle, layout_loops_ring,
          shapermc_ecumenical_altar_totnotflames
D:2:      layout_loops_corners
D:3:      due_chaos_kobolds, layout_rooms, minmay_bisected

Skill      XL: |  1  2 |
---------------+-------+-----
Bows           | 3 |  3.7
Hexes          | 5 |  5.0
Fighting       | |  0.9
Dodging        | |  2.5
Stealth        | |  0.2
Spellcasting   | |  1.8

Action                   || total
-------------------------++-------
 Fire: Shortbow          ||    92
 Cast: Corona            ||    10
       Slow              ||     6
  Use: Scroll            ||     4
Armor: Robe              ||     5
Dodge: Dodged            ||    34
